[Event "Titled Tuesday Blitz March 07 Early 2023"]
[White "Gamage, Wanshini Vidusama"]
[Black "Samaganova, Aleksandra"]
[WhiteFideId "9953752"]
[BlackFideId "13800221"]
[WhiteElo "2165"]
[BlackElo "1858"]
[Result "1-0"]
[Round "06"]
[TimeControl "180+2"]
[Date "2023.03.07"]
[WhiteClock "0:00:08"]
[BlackClock "0:00:09"]

1. e4 c5 2. Nf3 e6 3. d4 cxd4 4. Nxd4 a6 5. c4 Qc7 6. Nc3 Nf6 7. Be3 b6 8. f4 d6 9. Bd3 Bb7 10. O-O Nbd7 11. Rc1 Be7 12. b3 Rc8 13. Bb1 O-O 14. f5 e5 15. Nf3 Ng4 16. Qe2 Nxe3 17. Qxe3 Nf6 18. h3 Bd8 19. Rfd1 Qb8 20. Nd5 Bxd5 21. cxd5 b5 22. Rxc8 Qxc8 23. Rc1 Qb7 24. Kh2 Bb6 25. Qc3 h6 26. Qc6 Qb8 27. Ne1 Nh5 28. g3 Bf2 29. g4 Nf4 30. Nd3 Be3 31. Rc3 Ne2 32. Rc2 Nd4 33. Qxa6 Nxc2 34. Bxc2 Rc8 35. Nb4 Bd2 36. Nc6 Qc7 37. Qxb5 Ra8 38. a4 Kh7 39. b4 g6 40. fxg6+ Kxg6 41. a5 Qd7 42. Qf1 Kh7 43. Qf6 Bf4+ 44. Kg2 Rc8 45. Qf5+ Qxf5 46. exf5 Kg7 47. b5 Be3 48. b6 Ra8 49. Bd3 Bc5 50. Kf3 Re8 51. Ke4 Kf6 52. Bb5 h5 53. gxh5 Kg5 54. Kd3 Ra8 55. b7 Rg8 56. b8=Q Rxb8 57. Nxb8 Kxf5 58. Nc6 Kg5 59. Ke4 Kxh5 60. a6 Kg5 61. a7 f5+ 62. Kf3 e4+ 63. Ke2 f4 64. a8=Q f3+ 65. Kf1 Kf4 66. Qh8 Ke3 67. Qf6 Kd2 68. Qf4+ e3 69. Qxf3 e2+ 70. Qxe2+ Kc3 71. Qe6 1-0


[Site "https://www.chess.com"]

[Event "Titled Tuesday Blitz March 07 Early 2023"]
[White "Winkels, Marcel"]
[Black "Burke, John F"]
[WhiteFideId "1003887"]
[BlackFideId "2052970"]
[WhiteElo "1900"]
[BlackElo "2221"]
[Result "0-1"]
[Round "06"]
[TimeControl "180+2"]
[Date "2023.03.07"]
[WhiteClock "0:00:12"]
[BlackClock "0:01:26"]

1. e4 c5 2. d4 cxd4 3. c3 dxc3 4. Nxc3 d6 5. Nf3 Nc6 6. Bc4 a6 7. O-O Nf6 8. Qe2 Bg4 9. h3 Bh5 10. g4 Bg6 11. Rd1 Qa5 12. g5 Nh5 13. Nd5 e6 14. Bd2 Qd8 15. Nc3 Be7 16. Be3 O-O 17. Rac1 Rc8 18. Bb3 b5 19. a4 b4 20. Na2 Bxe4 21. Nd4 Nxd4 22. Bxd4 Bg6 23. Nxb4 Rxc1 24. Rxc1 Bxg5 25. Rc6 Nf4 26. Qf3 a5 27. Na6 d5 28. Bc5 Be4 29. Qg4 Bf5 30. Qf3 Nxh3+ 31. Kh2 Bf4+ 32. Kh1 Qh4 33. Qg2 Nxf2+ 34. Kg1 Nh3+ 35. Kh1 Be4 36. Bd4 Bxg2+ 37. Kxg2 Qg3+ 0-1


[Site "https://www.chess.com"]

[Event "Titled Tuesday Blitz March 07 Early 2023"]
[White "Bongo Akanga Ndjila, Barthelemy"]
[Black "Degrande, Marigje"]
[WhiteFideId "10609431"]
[BlackFideId "262757"]
[WhiteElo "1768"]
[BlackElo "2208"]
[Result "1-0"]
[Round "06"]
[TimeControl "180+2"]
[Date "2023.03.07"]
[WhiteClock "0:00:46"]
[BlackClock "0:00:12"]

1. d4 Nf6 2. c4 c5 3. d5 e6 4. Nc3 exd5 5. cxd5 d6 6. Nf3 g6 7. Bf4 a6 8. a4 Bg7 9. h3 O-O 10. e3 Re8 11. Bd3 Qe7 12. O-O Nbd7 13. Nd2 Ne5 14. Be2 Bd7 15. e4 Reb8 16. Qc2 Ne8 17. Bh2 f5 18. f4 Nf7 19. exf5 Bxc3 20. fxg6 Bd4+ 21. Kh1 hxg6 22. Qxg6+ Ng7 23. Rae1 Bf5 24. Qg3 Qf6 25. Bd3 Bxd3 26. Qxd3 Bxb2 27. Ne4 Qd4 28. Qg3 Nh6 29. Nxd6 Qxd5 30. f5 Be5 31. Qxe5 Qxe5 32. Bxe5 Rd8 33. f6 Nh5 34. f7+ Kf8 35. Nxb7 Rd5 36. Bd6+ Rxd6 37. Nxd6 Ng3+ 38. Kg1 Nxf1 39. Re8+ Rxe8 1-0


[Site "https://www.chess.com"]

[Event "Titled Tuesday Blitz March 07 Early 2023"]
[White "Bortnyk, Olexandr"]
[Black "Erigaisi Arjun"]
[WhiteFideId "14120828"]
[BlackFideId "35009192"]
[WhiteElo "2734"]
[BlackElo "2737"]
[Result "1/2-1/2"]
[Round "07"]
[TimeControl "180+2"]
[Date "2023.03.07"]
[WhiteClock "0:00:02"]
[BlackClock "0:00:05"]

1. e4 c6 2. d4 d5 3. Nc3 dxe4 4. Nxe4 Bf5 5. Ng3 Bg6 6. h4 h6 7. Nh3 Nf6 8. Nf4 Bh7 9. c3 e5 10. Qe2 e4 11. f3 Qe7 12. fxe4 Nxe4 13. Nxe4 Qxe4 14. Qxe4+ Bxe4 15. Bc4 Nd7 16. O-O Nf6 17. Bd2 Be7 18. Rae1 O-O 19. g4 Bd6 20. g5 hxg5 21. hxg5 Bd5 22. Bd3 Bxf4 23. Rxf4 Nh5 24. Rh4 g6 25. c4 Be6 26. Bxg6 fxg6 27. Rxe6 Kf7 28. Rhe4 Rfe8 29. Rxe8 Rxe8 30. Rxe8 Kxe8 31. Kg2 Kd7 32. Kf3 Ke6 33. Kg4 Ng7 34. Kf4 Nh5+ 35. Kg4 Ng7 36. Bc3 Nf5 37. Kf4 b5 38. d5+ cxd5 39. cxb5 d4 40. Ba5 Kd5 41. b6 axb6 42. Bxb6 Kc4 43. Ke5 d3 44. Ba5 Nh4 45. Kf6 Kd4 46. Bc3+ Kc4 47. a4 Kc5 48. b3 Kd5 49. a5 Kc5 50. Kf7 Kb5 51. b4 Kc4 52. Bd2 Kb5 53. Be3 Ng2 54. Bc1 Nh4 55. Kf6 Ka6 56. Be3 Kb5 57. Ke5 Nf3+ 58. Kf6 Nh4 59. Bc1 Ka6 60. Ke6 Kb5 61. Kf7 Ka6 62. Kf6 Kb5 63. Ke6 Ka6 64. Kd5 Nf3 65. Ke6 Kb5 66. Kf6 Nh4 67. Be3 Ka6 68. Bd2 Kb5 69. Bc1 1/2-1/2


[Site "https://www.chess.com"]

[Event "Titled Tuesday Blitz March 07 Early 2023"]
[White "Nihal Sarin"]
[Black "Fedoseev, Vladimir"]
[WhiteFideId "25092340"]
[BlackFideId "24130737"]
[WhiteElo "2689"]
[BlackElo "2752"]
[Result "1-0"]
[Round "07"]
[TimeControl "180+2"]
[Date "2023.03.07"]
[WhiteClock "0:00:08"]
[BlackClock "0:00:03"]

1. e4 c5 2. Nf3 d6 3. d4 cxd4 4. Nxd4 Nf6 5. Nc3 a6 6. Be2 e5 7. Nf3 h6 8. Nd2 Nc6 9. Nc4 Nd4 10. a4 Be6 11. Be3 Rc8 12. Bxd4 Bxc4 13. Be3 Bxe2 14. Qxe2 Qa5 15. O-O Be7 16. Bd2 Qb6 17. Qd3 O-O 18. a5 Qc6 19. Rfd1 Rfd8 20. Be3 Qc4 21. Bb6 Rd7 22. Qxc4 Rxc4 23. f3 Bd8 24. Bf2 Kf8 25. Kf1 Ke7 26. g4 Ke6 27. h4 Rdc7 28. Rd3 R7c6 29. Ra3 Nd7 30. Kg2 Nf8 31. Nd5 Ng6 32. h5 Rxc2 33. hxg6 Bh4 34. Kh3 Bxf2 35. gxf7 Kxf7 36. Nb4 Bd4 37. Nxc2 Rxc2 38. Rab3 Kf6 39. Rxb7 Kg5 40. Rxg7+ Kf6 41. Rd7 Ke6 42. Rh7 Rxb2 43. Rxh6+ Ke7 44. g5 Ra2 45. Kg4 Rxa5 46. Rb3 Ra1 47. Rb7+ 1-0


[Site "https://www.chess.com"]

[Event "Titled Tuesday Blitz March 07 Early 2023"]
[White "Tsydypov, Zhamsaran"]
[Black "Hakobyan, Aram"]
[WhiteFideId "4108566"]
[BlackFideId "13306677"]
[WhiteElo "2584"]
[BlackElo "2563"]
[Result "1-0"]
[Round "07"]
[TimeControl "180+2"]
[Date "2023.03.07"]
[WhiteClock "0:01:13"]
[BlackClock "0:00:04"]

1. e4 g6 2. d4 Bg7 3. Nc3 c5 4. d5 d6 5. h3 Nf6 6. Nf3 O-O 7. Be2 b5 8. Bxb5 Nxe4 9. Nxe4 Qa5+ 10. Nfd2 Qxb5 11. c4 Qb6 12. O-O Nd7 13. Rb1 a5 14. b3 a4 15. Re1 axb3 16. axb3 Ra2 17. Re3 Ne5 18. Nc3 Ra8 19. Bb2 Bf5 20. Nce4 Ra2 21. Bc3 Rb8 22. f4 Bh6 23. Qf1 Rc2 24. Rbe1 Bxe4 25. Nxe4 Nd7 26. Ba1 Ra2 27. Nc3 Rxa1 28. Rxa1 Bg7 29. Nb5 Bxa1 30. Qxa1 Qd8 31. Qe1 Kf8 32. Qh4 Nf6 33. Na7 Qc7 34. Nc6 Re8 35. Rxe7 Rxe7 36. Qxf6 Ke8 37. Qh8+ 1-0


[Site "https://www.chess.com"]

[Event "Titled Tuesday Blitz March 07 Early 2023"]
[White "Nakamura, Hikaru"]
[Black "Oparin, Grigoriy"]
[WhiteFideId "2016192"]
[BlackFideId "24125890"]
[WhiteElo "2879"]
[BlackElo "2641"]
[Result "1-0"]
[Round "07"]
[TimeControl "180+2"]
[Date "2023.03.07"]
[WhiteClock "0:00:12"]
[BlackClock "0:00:01"]

1. Nf3 c5 2. e3 Nf6 3. b3 e6 4. Bb2 b6 5. d4 Bb7 6. Bd3 Be7 7. O-O O-O 8. dxc5 bxc5 9. c4 Nc6 10. Nc3 d6 11. Qe2 Qc7 12. Rad1 Rad8 13. Bb1 a6 14. Rd2 Rd7 15. Rfd1 Rfd8 16. Ne4 Nxe4 17. Bxe4 h6 18. Bc3 Bf8 19. h4 Ne7 20. Bb1 Bc6 21. h5 Qb7 22. Nh4 Be4 23. Qg4 Bxb1 24. Rxb1 d5 25. Rc1 dxc4 26. Rxd7 Rxd7 27. bxc4 Qc6 28. Nf3 Qa4 29. Ne5 Rd8 30. Qe2 Nc6 31. Ng4 f5 32. Nh2 Qa3 33. Qc2 Nb4 34. Bxb4 Qxb4 35. Nf3 Be7 36. Rb1 Qa5 37. e4 fxe4 38. Qxe4 Qxa2 39. Ne5 Bf6 40. Ng6 Re8 41. Rb6 Qa1+ 42. Kh2 Qd4 43. Qxd4 cxd4 44. Rxa6 Rc8 45. f4 Rxc4 46. Ra8+ 1-0


[Site "https://www.chess.com"]

[Event "Titled Tuesday Blitz March 07 Early 2023"]
[White "Naroditsky, Daniel"]
[Black "Bluebaum, Matthias"]
[WhiteFideId "2026961"]
[BlackFideId "24651516"]
[WhiteElo "2633"]
[BlackElo "2638"]
[Result "0-1"]
[Round "07"]
[TimeControl "180+2"]
[Date "2023.03.07"]
[WhiteClock "0:00:03"]
[BlackClock "0:00:28"]

1. e4 e6 2. d4 d5 3. e5 c5 4. c3 Nc6 5. Nf3 Nge7 6. Bd3 cxd4 7. cxd4 Nf5 8. Bxf5 exf5 9. O-O Be7 10. Nc3 Be6 11. Ne2 g5 12. Ne1 f4 13. Nc3 Qb6 14. Nc2 Rd8 15. Re1 Bf5 16. Na4 Qa5 17. Nc3 Bxc2 18. Qxc2 Nxd4 19. Qd1 Ne6 20. Bd2 Qa6 21. Rc1 O-O 22. h4 gxh4 23. Qh5 Qd3 24. Rcd1 Qg6 25. Qxg6+ hxg6 26. Bc1 Bb4 27. Re2 Bxc3 28. bxc3 Rc8 29. Rd3 d4 30. Ba3 Rfd8 31. cxd4 Rxd4 32. Rxd4 Nxd4 33. Re4 Ne6 34. Be7 g5 35. a4 Kh7 36. a5 Rc1+ 37. Kh2 Rc2 38. f3 Ra2 39. Rb4 Rxa5 40. Rxb7 Rxe5 41. Rxa7 Kg6 42. Ra8 Re2 43. Kh3 Re1 44. Kh2 Ng7 45. Ra6+ Re6 46. Ra7 Nf5 47. Bc5 Ng3 48. Bf2 Re2 49. Ra6+ f6 50. Bd4 Nh5 51. Kh3 Rd2 52. Bc3 Rd1 53. Kh2 Ng3 54. Rxf6+ Kh5 55. Be1 Rxe1 56. Rh6+ Kxh6 57. Kh3 Kh5 0-1


[Site "https://www.chess.com"]

[Event "Titled Tuesday Blitz March 07 Early 2023"]
[White "Sjugirov, Sanan"]
[Black "Duda, Jan-Krzysztof"]
[WhiteFideId "4189302"]
[BlackFideId "1170546"]
[WhiteElo "2569"]
[BlackElo "2790"]
[Result "1-0"]
[Round "07"]
[TimeControl "180+2"]
[Date "2023.03.07"]
[WhiteClock "0:00:43"]
[BlackClock "0:00:59"]

1. e4 c5 2. Nf3 d6 3. d4 cxd4 4. Nxd4 Nf6 5. Nc3 a6 6. Be3 e5 7. Nf3 Qc7 8. a4 Be6 9. Be2 h6 10. O-O Nbd7 11. a5 Be7 12. Nd5 Nxd5 13. exd5 Bg4 14. Nd2 Bxe2 15. Qxe2 O-O 16. Nc4 Rac8 17. b3 f5 18. f3 Qd8 19. Kh1 Qe8 20. f4 e4 21. g4 Nf6 22. gxf5 Nxd5 23. Bd4 Rxf5 24. Qxe4 Qd8 25. Qxf5 1-0


[Site "https://www.chess.com"]

[Event "Titled Tuesday Blitz March 07 Early 2023"]
[White "Gholami Orimi, Mahdi"]
[Black "Pranav, V"]
[WhiteFideId "12558486"]
[BlackFideId "25060783"]
[WhiteElo "2363"]
[BlackElo "2500"]
[Result "1/2-1/2"]
[Round "07"]
[TimeControl "180+2"]
[Date "2023.03.07"]
[WhiteClock "0:00:16"]
[BlackClock "0:00:04"]

1. d4 Nf6 2. c4 e6 3. Nc3 Bb4 4. e3 O-O 5. Bd3 d5 6. cxd5 exd5 7. a3 Bd6 8. Qc2 b6 9. b4 Bb7 10. Nge2 Re8 11. b5 a6 12. Rb1 axb5 13. Nxb5 Ba6 14. O-O Bxb5 15. Bxb5 c6 16. Bd3 b5 17. Ra1 g6 18. h3 Qd7 19. a4 Na6 20. Bd2 b4 21. Nc1 Ne4 22. Nb3 Qe6 23. Bxe4 dxe4 24. Rfc1 Nc7 25. a5 Ra6 26. Qc4 Rb8 27. Qxe6 Nxe6 28. Rc4 Rb5 29. Rac1 Nd8 30. f3 exf3 31. gxf3 Kf8 32. e4 f6 33. Kf2 Ke8 34. Ke2 Kd7 35. Kd3 Nb7 36. Ra1 g5 37. Ra4 Nxa5 38. Nxa5 Rbxa5 39. Rxa5 Rxa5 40. Bxb4 Bxb4 41. Rxb4 Ra3+ 42. Ke2 h5 43. h4 gxh4 44. Rb7+ Kd6 45. Rh7 h3 46. Rxh5 h2 47. Kf2 Rd3 48. Rxh2 Rxd4 49. Ke3 Ra4 50. Kf4 Ke6 51. Rh8 Ra7 52. Re8+ Re7 53. Rc8 Kd7 54. Ra8 Ke6 55. Rc8 Kd7 56. Ra8 Ke6 57. Ra6 Rc7 58. Rb6 Rc8 59. Rb7 c5 60. Rb6+ Ke7 61. Kf5 c4 62. Rb7+ Kd6 63. f4 c3 64. Rb6+ Ke7 65. Rb7+ Kd6 66. Rb6+ Rc6 67. e5+ fxe5 68. fxe5+ Kd5 69. Rb1 c2 70. Rc1 Rc8 71. e6 Rf8+ 72. Kg6 Kxe6 73. Rxc2 Rg8+ 74. Kh7 Re8 75. Re2+ Kd7 76. Rxe8 Kxe8 1/2-1/2


[Site "https://www.chess.com"]

[Event "Titled Tuesday Blitz March 07 Early 2023"]
[White "Ibarra Jerez, Jose Carlos"]
[Black "Matlakov, Maxim"]
[WhiteFideId "2226332"]
[BlackFideId "4168003"]
[WhiteElo "2638"]
[BlackElo "2666"]
[Result "0-1"]
[Round "07"]
[TimeControl "180+2"]
[Date "2023.03.07"]
[WhiteClock "0:00:38"]
[BlackClock "0:01:07"]

1. e4 e5 2. Nf3 Nc6 3. Nc3 Nf6 4. h3 Bb4 5. Nd5 Be7 6. d4 d6 7. Nxe7 Qxe7 8. d5 Nb8 9. Bd3 Nbd7 10. c4 Nc5 11. Qe2 Nxd3+ 12. Qxd3 h6 13. O-O O-O 14. Nh2 a5 15. b3 b6 16. Bb2 Nd7 17. Rae1 Nc5 18. Qc2 f5 19. exf5 Bxf5 20. Qd2 Bd3 21. f4 Bxf1 22. Nxf1 Qh4 23. fxe5 Nd3 24. g3 Nxe1 25. Qxe1 Qxh3 26. e6 Rf3 27. Bc1 Raf8 28. Bf4 R8xf4 29. gxf4 Qg4+ 30. Kh1 Rh3+ 31. Nh2 Qf3+ 32. Kg1 Rg3+ 33. Qxg3 Qxg3+ 34. Kh1 Qxf4 0-1


[Site "https://www.chess.com"]

[Event "Titled Tuesday Blitz March 07 Early 2023"]
[White "Durarbayli, Vasif"]
[Black "Zakhartsov, Vladimir"]
[WhiteFideId "13402935"]
[BlackFideId "4145097"]
[WhiteElo "2543"]
[BlackElo "2521"]
[Result "0-1"]
[Round "07"]
[TimeControl "180+2"]
[Date "2023.03.07"]
[WhiteClock "0:00:13"]
[BlackClock "0:00:09"]

1. e4 c5 2. Nf3 d6 3. d4 cxd4 4. Nxd4 Nf6 5. Nc3 g6 6. Be3 Bg7 7. f3 h5 8. Qd2 a6 9. O-O-O b5 10. Kb1 Bb7 11. Nb3 Nbd7 12. Qf2 Rc8 13. Nd5 Nxd5 14. exd5 Nf6 15. Bd4 O-O 16. g4 hxg4 17. Bxf6 Bxf6 18. fxg4 Qd7 19. h4 Qxg4 20. Bh3 Qe4 21. Bxc8 Rxc8 22. h5 Bxd5 23. hxg6 fxg6 24. Rhg1 Kg7 25. Nd4 Rc4 26. Nf5+ Kf7 27. Nh6+ Ke8 28. Ng4 Bg7 29. Rde1 Qd4 30. Qxd4 Rxd4 31. Rgf1 Rxg4 32. b3 Be5 33. Rd1 Be4 34. Rde1 d5 35. Rf2 Bg3 36. Rg1 Bxf2 37. Rxg4 Be3 38. Rg3 Bf4 39. Rh3 g5 40. Rh8+ Kd7 41. Ra8 Bf3 42. Rxa6 g4 43. Rg6 g3 44. a4 bxa4 45. bxa4 g2 46. a5 Be3 47. a6 g1=Q+ 0-1


[Site "https://www.chess.com"]

[Event "Titled Tuesday Blitz March 07 Early 2023"]
[White "Bok, Benjamin"]
[Black "Yeletsky, Ivan"]
[WhiteFideId "1017063"]
[BlackFideId "24180327"]
[WhiteElo "2658"]
[BlackElo "2414"]
[Result "1-0"]
[Round "07"]
[TimeControl "180+2"]
[Date "2023.03.07"]
[WhiteClock "0:00:02"]
[BlackClock "0:00:03"]

1. d4 Nf6 2. c4 e6 3. Nc3 Bb4 4. Qc2 O-O 5. a3 Bxc3+ 6. Qxc3 b5 7. cxb5 c6 8. Bg5 cxb5 9. e3 Bb7 10. Rc1 h6 11. Bh4 Na6 12. f3 Rc8 13. Qd2 Rxc1+ 14. Qxc1 b4 15. Ne2 bxa3 16. bxa3 Qa5+ 17. Qc3 Qb6 18. Bxf6 Rc8 19. Qd2 gxf6 20. e4 Kh7 21. Qf4 e5 22. dxe5 Nc5 23. Qxf6 Nd3+ 24. Kd2 Qc5 25. Kxd3 Qc2+ 26. Ke3 Qc5+ 27. Kf4 Qxa3 28. Qxf7+ Kh8 29. Qf6+ Kh7 30. Kg3 Rg8+ 31. Kh3 Qe3 32. Ng3 Bc8 33. Qf7+ Rg7 34. Qxg7+ 1-0


[Site "https://www.chess.com"]

[Event "Titled Tuesday Blitz March 07 Early 2023"]
[White "Harsha Bharathakoti"]
[Black "Narayanan.S.L"]
[WhiteFideId "5078776"]
[BlackFideId "5058422"]
[WhiteElo "2481"]
[BlackElo "2547"]
[Result "1-0"]
[Round "07"]
[TimeControl "180+2"]
[Date "2023.03.07"]
[WhiteClock "0:00:43"]
[BlackClock "0:01:19"]

1. d4 g6 2. e4 Bg7 3. Nc3 a6 4. Be3 b5 5. Qd2 Bb7 6. f3 d6 7. O-O-O Nd7 8. h4 h6 9. h5 g5 10. Bd3 Rc8 11. d5 c5 12. dxc6 Bxc6 13. Nge2 e6 14. Nd4 Bb7 15. Bxb5 axb5 16. Ndxb5 Be5 17. Nxd6+ Bxd6 18. Qxd6 Rc6 19. Qb4 Bc8 20. Nb5 Ngf6 21. Nd6+ Rxd6 22. Qxd6 Qa5 23. a3 e5 24. Bd2 Qa6 25. Bb4 Qxd6 26. Bxd6 g4 27. Rd3 gxf3 28. gxf3 Rg8 29. Rc3 Kd8 30. Rd1 Rg5 31. b4 Nxh5 32. b5 Nf4 33. Kb2 Ne6 34. a4 Nd4 35. Bxe5 Rxe5 36. Rxd4 Ke7 37. Rxc8 1-0


[Site "https://www.chess.com"]

[Event "Titled Tuesday Blitz March 07 Early 2023"]
[White "Terry, Renato"]
[Black "Bharath Subramaniyam H"]
[WhiteFideId "3803457"]
[BlackFideId "46634827"]
[WhiteElo "2579"]
[BlackElo "2395"]
[Result "1-0"]
[Round "07"]
[TimeControl "180+2"]
[Date "2023.03.07"]
[WhiteClock "0:00:06"]
[BlackClock "0:00:02"]

1. Nf3 c5 2. e3 Nf6 3. b3 g6 4. Bb2 Bg7 5. c4 O-O 6. Be2 d6 7. O-O Nc6 8. d4 cxd4 9. Nxd4 Bd7 10. Nc3 Rc8 11. Bf3 a6 12. Rc1 Qb6 13. Qd2 Ne5 14. Be2 Rfd8 15. Rfd1 Qa5 16. h3 h5 17. Rc2 h4 18. Rdc1 g5 19. f3 Ng6 20. Bd3 Ne5 21. Bf1 e6 22. e4 Ng6 23. Nde2 Bc6 24. Nd1 Qxd2 25. Rxd2 Nh5 26. Ba3 Be5 27. Ne3 Ngf4 28. Nd4 Be8 29. Ng4 Bg7 30. Rcd1 Ng3 31. Ne2 Ngxe2+ 32. Bxe2 d5 33. Be7 Rd7 34. Bxg5 Nxe2+ 35. Rxe2 dxc4 36. Rxd7 Bxd7 37. bxc4 Rxc4 38. Rd2 Rd4 39. Rc2 Rd1+ 40. Kh2 Kf8 41. Bxh4 Bd4 42. Bf6 Bg1+ 43. Kg3 Ke8 44. Rc7 Bb6 45. Rxb7 1-0


[Site "https://www.chess.com"]

[Event "Titled Tuesday Blitz March 07 Early 2023"]
[White "Harsh Suresh"]
[Black "Kamsky, Gata"]
[WhiteFideId "45018464"]
[BlackFideId "2000024"]
[WhiteElo "2227"]
[BlackElo "2666"]
[Result "0-1"]
[Round "07"]
[TimeControl "180+2"]
[Date "2023.03.07"]
[WhiteClock "0:00:12"]
[BlackClock "0:00:58"]

1. e4 g6 2. Nf3 Bg7 3. d4 d6 4. h3 b6 5. Nc3 Bb7 6. Be3 e6 7. Qd2 a6 8. O-O-O Nd7 9. g4 b5 10. a3 Ngf6 11. Bd3 h6 12. g5 hxg5 13. Nxg5 Qe7 14. Rhg1 e5 15. f4 exd4 16. Bxd4 O-O-O 17. Nd5 Nxd5 18. Bxg7 Rhg8 19. Bd4 N5b6 20. Rde1 f6 21. Nf3 Kb8 22. Qf2 Qf7 23. Bc3 Rde8 24. Kb1 Nc5 25. Nd2 Nxd3 26. cxd3 Na4 27. Ba5 f5 28. e5 Qd5 29. Qe3 dxe5 30. fxe5 Nc5 31. d4 f4 32. Qc3 Ne6 33. Ne4 Qxd4 34. Nf6 Qxc3 35. Bxc3 g5 36. Nxe8 Rxe8 37. Bd2 Rh8 38. Kc2 Rxh3 39. Ref1 Bd5 40. Bc3 Kb7 41. Rf2 Kb6 42. Rd2 c6 43. Rf2 a5 44. b4 axb4 45. axb4 f3 46. Kb2 Rh4 47. Bd2 Kc7 48. Bxg5 Rxb4+ 49. Kc1 Ra4 50. Kb2 Ra2+ 51. Kb1 Rxf2 0-1


[Site "https://www.chess.com"]

[Event "Titled Tuesday Blitz March 07 Early 2023"]
[White "Krzyzanowski, Marcin"]
[Black "Demchenko, Anton"]
[WhiteFideId "1132199"]
[BlackFideId "4160258"]
[WhiteElo "2471"]
[BlackElo "2545"]
[Result "0-1"]
[Round "07"]
[TimeControl "180+2"]
[Date "2023.03.07"]
[WhiteClock "0:00:02"]
[BlackClock "0:00:23"]

1. c4 e5 2. Nc3 Nc6 3. Nf3 Nf6 4. e4 Bb4 5. d3 d6 6. a3 Bxc3+ 7. bxc3 h6 8. Be2 Ne7 9. O-O g5 10. c5 Ng6 11. cxd6 cxd6 12. d4 O-O 13. Bd3 Qc7 14. Bd2 b6 15. Re1 Bb7 16. h4 g4 17. Nh2 h5 18. Nf1 d5 19. exd5 e4 20. Bxe4 Nxe4 21. Rxe4 Bxd5 22. Re1 Rfe8 23. Ne3 Be4 24. c4 Nxh4 25. d5 Qf4 26. Nf1 Qf6 27. Ne3 Qd6 28. Bc3 Bxg2 29. Nxg2 Nf3+ 30. Kf1 Qh2 31. Re3 Qh1+ 32. Ke2 Qxg2 33. Qd3 g3 34. Qf5 Qxf2+ 35. Kd1 Qf1+ 36. Kc2 Nd4+ 37. Bxd4 Qxf5+ 38. Kc3 Rxe3+ 39. Bxe3 Qf3 40. Kd4 Re8 0-1


[Site "https://www.chess.com"]

[Event "Titled Tuesday Blitz March 07 Early 2023"]
[White "Steinberg, Nitzan"]
[Black "Decuigniere, Tom"]
[WhiteFideId "2801795"]
[BlackFideId "26093820"]
[WhiteElo "2486"]
[BlackElo "2312"]
[Result "1/2-1/2"]
[Round "07"]
[TimeControl "180+2"]
[Date "2023.03.07"]
[WhiteClock "0:00:48"]
[BlackClock "0:00:58"]

1. e4 c5 2. Nf3 g6 3. Bc4 Bg7 4. c3 e6 5. d4 cxd4 6. Nxd4 d5 7. Bb5+ Bd7 8. exd5 exd5 9. O-O Ne7 10. Re1 O-O 11. Bg5 Re8 12. Bxd7 Qxd7 13. Bxe7 Rxe7 14. Rxe7 Qxe7 15. Nf3 Nc6 16. Na3 Rd8 17. Nc2 Qc5 18. Ncd4 Nxd4 19. cxd4 Qb4 20. Qb3 Qxb3 21. axb3 Rc8 22. Kf1 a6 23. Re1 Bf6 24. g3 Rc2 25. Re2 Rc1+ 26. Re1 Rc2 27. Re2 Rc1+ 28. Re1 Rc2 1/2-1/2


[Site "https://www.chess.com"]

[Event "Titled Tuesday Blitz March 07 Early 2023"]
[White "Andreikin, Dmitry"]
[Black "Atakhan, Abtin"]
[WhiteFideId "4158814"]
[BlackFideId "22502203"]
[WhiteElo "2736"]
[BlackElo "2008"]
[Result "1-0"]
[Round "07"]
[TimeControl "180+2"]
[Date "2023.03.07"]
[WhiteClock "0:01:08"]
[BlackClock "0:00:59"]

1. Nf3 Nf6 2. c4 e6 3. Nc3 d5 4. d4 Bb4 5. e3 O-O 6. Bd2 b6 7. cxd5 exd5 8. Rc1 c6 9. Ne5 Re8 10. Bd3 Bb7 11. O-O Nbd7 12. f4 Qe7 13. Rf3 c5 14. Rh3 Ne4 15. Nxe4 Nxe5 16. Nf6+ gxf6 17. fxe5 fxe5 18. Bxb4 e4 19. Qg4+ Kh8 20. Bb5 cxb4 21. Bxe8 Rxe8 22. Qh5 f6 23. Rc7 1-0


[Site "https://www.chess.com"]

[Event "Titled Tuesday Blitz March 07 Early 2023"]
[White "Dubov, Daniil"]
[Black "Mikhailovsky, Vladimir"]
[WhiteFideId "24126055"]
[BlackFideId "34105414"]
[WhiteElo "2802"]
[BlackElo "2293"]
[Result "0-1"]
[Round "07"]
[TimeControl "180+2"]
[Date "2023.03.07"]
[WhiteClock "0:00:02"]
[BlackClock "0:00:11"]

1. e4 e5 2. Nf3 d5 3. d3 Nc6 4. Be2 Nf6 5. exd5 Qxd5 6. O-O Bd6 7. Nc3 Qe6 8. d4 exd4 9. Nb5 O-O 10. Nbxd4 Nxd4 11. Nxd4 Qe5 12. Nf3 Qh5 13. Qd4 Bxh2+ 14. Nxh2 Qxe2 15. Bg5 Qxc2 16. Bxf6 gxf6 17. Rac1 Qg6 18. Rc3 Kh8 19. Re1 Be6 20. Rg3 Qh6 21. Rf3 Rad8 22. Qc3 Qg7 23. Rxf6 Bd5 24. Ng4 Bxg2 25. Re3 Bc6 26. Kh2 Rd5 27. Rh3 Rg5 28. f3 Bxf3 29. Rfh6 Be4 30. Rxh7+ Bxh7 31. Nf6 Rg2+ 32. Kh1 Rg1+ 33. Kh2 Qg2# 0-1


[Site "https://www.chess.com"]

[Event "Titled Tuesday Blitz March 07 Early 2023"]
[White "EREBUNI91"]
[Black "Tabatabaei, M. Amin"]
[BlackFideId "12521213"]
[WhiteElo "2737"]
[BlackElo "2575"]
[Result "0-1"]
[Round "07"]
[TimeControl "180+2"]
[Date "2023.03.07"]
[WhiteClock "0:00:23"]
[BlackClock "0:00:31"]

1. e4 e5 2. Nf3 Nc6 3. Bb5 a6 4. Ba4 Nf6 5. O-O Nxe4 6. Re1 Nc5 7. Bxc6 dxc6 8. d4 Ne6 9. Nxe5 Be7 10. Be3 O-O 11. c4 f6 12. Nf3 Ng5 13. h3 Nxf3+ 14. Qxf3 Be6 15. b3 Qd7 16. Nd2 Rae8 17. Ne4 b6 18. Rad1 Bf5 19. Bf4 Bg6 20. Bg3 Bb4 21. Re3 f5 22. Nd2 f4 23. Bxf4 Bd6 24. g3 Qxh3 25. Rde1 Bxf4 26. Rxe8 Bxe8 27. gxf4 Qh4 28. Qg3 Qf6 29. Re5 Bg6 30. Ne4 Qxf4 31. Re7 Qxg3+ 32. fxg3 Re8 33. Rxe8+ Bxe8 34. c5 Bg6 35. Ng5 Bf5 36. Nf3 Be4 37. Ne5 Bd5 38. Nd7 b5 39. b4 Bxa2 40. Nb8 Kf7 41. Nxa6 Ke6 42. Nxc7+ Kf5 43. Ne8 Ke4 44. Nxg7 Kxd4 45. Nf5+ Kc3 46. Ne7 Kxb4 47. Nxc6+ Kxc5 48. Ne5 b4 49. Nd3+ Kc4 50. Nxb4 Kxb4 51. Kf2 Kc5 52. Ke3 Kd6 53. Kf4 Ke6 54. Kg5 Kf7 55. Kh6 Bb1 56. g4 Bg6 57. g5 Ke6 58. Kg7 Kf5 59. Kh6 Kg4 0-1


[Site "https://www.chess.com"]

[Event "Titled Tuesday Blitz March 07 Early 2023"]
[White "Fier, Alexandr"]
[Black "Kramnik, Vladimir"]
[WhiteFideId "2107139"]
[BlackFideId "4101588"]
[WhiteElo "2610"]
[BlackElo "2712"]
[Result "0-1"]
[Round "07"]
[TimeControl "180+2"]
[Date "2023.03.07"]
[WhiteClock "0:00:03"]
[BlackClock "0:00:16"]

1. e4 e5 2. Nf3 Nc6 3. Bc4 Bc5 4. c3 Nf6 5. d4 exd4 6. e5 d5 7. Bb5 Ne4 8. cxd4 Bb6 9. Nc3 O-O 10. Be3 Bg4 11. h3 Bh5 12. Qc2 Bg6 13. Qb3 Na5 14. Qd1 Nxc3 15. bxc3 Nc4 16. Bxc4 dxc4 17. O-O Bd3 18. Re1 Qd5 19. Nd2 Rad8 20. Qg4 Qe6 21. Qg3 Ba5 22. Rac1 b5 23. a3 Qg6 24. Qh4 h6 25. f4 f5 26. Kh2 c6 27. g4 Rd7 28. Rg1 Bd8 29. Qf2 a5 30. Nf3 fxg4 31. hxg4 Rdf7 32. Qg3 h5 33. f5 Qxg4 34. f6 Bc7 35. Qxg4 hxg4 36. Rxg4 Rxf6 37. Nh4 Rf1 38. Rxf1 Rxf1 39. Bh6 Rf7 40. Kh3 Kh7 41. Be3 Bd8 42. Kg3 Be2 43. Re4 g5 44. Ng2 Bf3 45. e6 Bxe4 46. exf7 Kg7 47. Ne1 Kxf7 48. Bd2 Kf6 49. Kf2 Kf5 50. Nf3 Bxf3 51. Kxf3 Be7 0-1


[Site "https://www.chess.com"]